 Dungeon Crawl Stone Soup version 0.28.0-53-g5a82cb258f (webtiles) character file.

Game seed: 1542828282337482588

20 DemonSlayer the Firebug (level 2, -1/19 HPs)
             Began as a Demonspawn Fire Elementalist on July 23, 2022.
             Slain by a worm (2 damage)
             ... on level 3 of the Dungeon.
             The game lasted 00:02:46 (1386 turns).

DemonSlayer the Firebug (DsFE)                      Turns: 1386, Time: 00:02:47

Health: -1/19      AC:  2    Str:  8    XL:     2   Next: 58%
Magic:  2/5        EV: 12    Int: 16    God:
Gold:   37         SH:  0    Dex: 13    Spells: 2/5 levels left

rFire   . . .      SeeInvis .   d - +0 mace
rCold   . . .      Faith    .   (no shield)
rNeg    . . .      Spirit   .   a - +0 robe
rPois   .          Reflect  .   (no helmet)
rElec   .          Harm     .   (no cloak)
rCorr   .          Rampage  .   (no gloves)
Will    .....                   (no boots)
Stlth   ++........              (no amulet)
HPRegen 0.06/turn               (no ring)
MPRegen 0.09/turn               (no ring)

@: very slightly contaminated
A: ignite blood 1
a: no special abilities


You were on level 3 of the Dungeon.
You visited 1 branch of the dungeon, and saw 3 of its levels.

You collected 37 gold pieces.

Inventory:

Hand Weapons
 d - a +0 mace (weapon)
Armour
 a - a +0 robe (worn)
Scrolls
 f - a scroll of silence {unknown}
 g - a scroll of holy word {unknown}
 h - a scroll of amnesia {unknown}
Potions
 b - a potion of attraction {unknown}
 c - a potion of degeneration {unknown}
 e - 2 potions of curing {unknown}


   Skills:
 + Level 1.8 Dodging
 + Level 1.9 Stealth
 + Level 2.3 Spellcasting
 + Level 1.3 Conjurations
 + Level 3.1 Fire Magic


You had 2 spell levels left.
You knew the following spells:

 Your Spells              Type           Power      Damage    Failure   Level
a - Foxfire               Conj/Fire      32%        2x1d5     9%          1
b - Scorch                Fire           22%        2d6       9%          2

Your spell library contained the following spells:

 Spells                   Type           Power      Damage    Failure   Level
 Conjure Flame            Conj/Fire      8%         6-21      24%         3
 Inner Flame              Hex/Fire       6%         N/A       32%         3
 Flame Wave               Conj/Fire      8%         2d5       63%         4


Dungeon Overview and Level Annotations

Branches:
Dungeon (2/15)

Altars:
Trog


Innate Abilities, Weirdness & Mutations

Your demonic aura sometimes causes spilled blood to erupt in flames.


Message History

You miscast Foxfire.
You are very lightly contaminated with residual magic.
Nothing appears to happen.
The hobgoblin shouts!
The foxfire hits the adder.
The adder is heavily wounded.
The foxfire hits the hobgoblin.
The hobgoblin is severely wounded.
The adder bites you.
You are poisoned.
The adder poisons you!
You conjure some foxfire!
You feel sick. The adder misses you.
You miss the adder.
The adder is heavily wounded.
You feel sick.
The foxfire hits the hobgoblin.
The hobgoblin is almost dead.
The foxfire hits the hobgoblin.
You kill the hobgoblin!
The adder bites you. The adder bites you but does no damage.
A worm comes into view.
You hit the adder but do no damage.
The adder is heavily wounded.
You feel sick.
You are no longer poisoned.
The adder barely misses you.
An endoplasm comes into view.
The adder bites you but does no damage.
You barely miss the adder.
The adder is heavily wounded.
The adder barely misses you.
An orc comes into view. It is wielding a +0 dagger.
The adder barely misses you.
The orc throws a boomerang.
The boomerang hits you.
* * * LOW HITPOINT WARNING * * *
You hit the adder.
The adder is almost dead.
The adder bites you.
* * * LOW HITPOINT WARNING * * *
The adder closely misses you. The worm bites you.
You die...

.... ..
#.....
...#.#
#.... .
##... $.#
... #..#
#S#...#
#@J..#
#.w...o.#
#...#.....
$.... .#.#
.....(#
.#.
####....
.# #.....
. ..#...#


You could see a worm, an adder, an orc and an endoplasm.

Vanquished Creatures
  A dart slug (D:1)
  3 bats
  3 endoplasms
  A giant cockroach (D:1)
  2 goblins (D:1)
  2 hobgoblins
  A kobold (D:1)
  2 ball pythons (D:1)
15 creatures vanquished.

Vanquished Creatures (collateral kills)
  2 foxfires (D:1)
2 creatures vanquished.

Vanquished Creatures (others)
  71 foxfires
  A plant (D:1)
72 creatures vanquished.

Grand Total: 89 creatures vanquished

Notes
Turn   | Place    | Note
-------+----------+-------------------------------------------
     0 | D:1      | DemonSlayer the Demonspawn Fire Elementalist began the
                  | quest for the Orb.
     0 | D:1      | Reached XP level 1. HP: 13/13 MP: 3/3
   568 | D:1      | Reached skill level 3 in Fire Magic
   636 | D:1      | Gained mutation: Your demonic aura sometimes causes spilled
                  | blood to erupt in flames. [demonic ancestry]
   636 | D:1      | Reached XP level 2. HP: 19/19 MP: 0/5
   639 | D:1      | Learned a level 2 spell: Scorch
  1163 | D:2      | Found a bloodstained altar of Trog.
  1379 | D:2      | You fall into a shaft and drop 1 floor!
  1386 | D:3      | Slain by a worm

Illustrated notes

Levels and vault maps discovered:
D:1:      eino_arrival_water_star, layout_rooms, minmay_misc_feat_hallway,
          serial_bayou_lagoon_b
D:2:      layout_loops_ring, basic_ecumenical_altar, basic_altar,
          lemuel_old_faithful, uniq_natasha, uniq_crazy_yiuf_cottage
D:3:      layout_loops_ring, serial_shops, shop, shop, nicolae_shop_crystal,
          minmay_increasing_density, uniq_terence

Skill      XL: |  1 |
---------------+----+-----
Fire Magic     | 3 |  3.1
Dodging        | |  1.8
Stealth        | |  1.9
Spellcasting   | |  2.3
Conjurations   | |  1.3

Action                   || total
-------------------------++-------
Melee: Mace              ||    10
 Cast: Foxfire           ||    48
Armor: Robe              ||     5
Dodge: Dodged            ||     9
